 Dungeon Crawl Stone Soup version 0.24.0-123-gd5b16e6ec5 (webtiles) character file.

Game seed: 3272988905270759727, levelgen mode: deterministic

8785 Emblim88 the Covert (level 11, -2/47 HPs)
             Began as a Spriggan Venom Mage on Jan 4, 2020.
             Was a Believer of Sif Muna.
             Slain by an ice beast (14 damage)
             ... on level 8 of the Dungeon.
             The game lasted 00:53:18 (20726 turns).

Emblim88 the Covert (Spriggan Venom Mage)          Turns: 20726, Time: 00:53:19

Health: -2/47      AC:  3    Str:  1 (2)  XL:     11   Next: 14%
Magic:  24/24      EV: 20    Int: 17 (19) God:    Sif Muna [**....]
Gold:   335        SH:  0    Dex:  7 (18) Spells: 11/26 levels left

rFire    . . .     SeeInvis +   s - +0 hunting sling (flame)
rCold    . . .     Gourm    .   (shield restricted)
rNeg     + . .     Faith    .   a - +0 robe
rPois    .         Spirit   .   (helmet restricted)
rElec    .         Reflect  .   n - -1 cloak (curse)
rCorr    .         Harm     .   (gloves unavailable)
MR       +++..                  (boots unavailable)
Stlth    ++++......             (no amulet)
HPRegen  0.15/turn              o - ring of see invisible (curse)
MPRegen  0.19/turn              y - ring of positive energy

@: hasted, very quick
A: very small, unfitting armour, hooves 1, horns 1, see invisible, herbivore,
speed 3, magic resistance 2, shaggy fur 1, slow metabolism 2, weak 1
a: Channel Magic, Renounce Religion


You were on level 8 of the Dungeon.
You worshipped Sif Muna.
Sif Muna was pleased with you.
You were hungry.

You visited 2 branches of the dungeon, and saw 10 of its levels.

You collected 335 gold pieces.

Inventory:

Hand Weapons
 b - a +0 short sword of electrocution
 i - a +1 dagger of protection
 l - a +1 dagger of draining
 s - a +0 hunting sling of flaming (weapon)
 x - a cursed -3 dagger
Missiles
 h - 22 poisoned darts
 u - 163 stones (quivered)
Armour
 a - a +0 robe (worn)
 n - a cursed -1 cloak (worn)
Jewellery
 o - a cursed ring of see invisible (left hand)
 r - an uncursed ring of wizardry
 y - a ring of positive energy (right hand)
 C - an uncursed ring of stealth {unknown}
 D - a cursed ring of attention {unknown}
Wands
 e - a wand of scattershot (5)
 t - a wand of flame (8)
 v - a wand of polymorph (11)
Scrolls
 g - a scroll of noise
 j - 2 scrolls of amnesia
 k - a scroll of enchant armour
 m - a scroll of immolation
 p - a scroll of remove curse
 A - a scroll of magic mapping
 E - a scroll of identify
Potions
 q - 2 potions of flight
 z - a potion of heal wounds {unknown}
 B - a potion of invisibility {unknown}
Comestibles
 c - 10 rations


   Skills:
 + Level 9.6 Dodging
 + Level 10.3 Stealth
 + Level 8.3 Spellcasting
 + Level 5.0 Conjurations
 * Level 9.7 Poison Magic
 + Level 4.8 Invocations
 + Level 6.2 Evocations


You had 11 spell levels left.
You knew the following spells:

 Your Spells              Type           Power        Failure   Level  Hunger
a - Sting                 Conj/Pois      ####         1%          1    None
b - Poisonous Vapours     Pois/Air       ###...       1%          2    None
c - Mephitic Cloud        Conj/Pois/Air  ###.....     4%          3    #......
d - Olgreb's Toxic Radia  Pois           #####...     1%          4    ###....
e - Venom Bolt            Conj/Pois      ####......   13%         5    #####..

Your spell library contained the following spells:

 Spells                   Type           Power        Failure   Level  Hunger


Dungeon Overview and Level Annotations

Branches:
Dungeon (9/15)             Temple (1/1) D:5            Lair (0/6) D:9
    Orc: D:9-12

Altars:
Ashenzari
Cheibriados
Dithmenos
Elyvilon
Fedhas
Gozag
Hepliaklqana
Kikubaaqudgha
Makhleb
Nemelex Xobeh
Okawaru
Qazlal
Ru
Sif Muna
Trog
Uskayaw
Vehumet
Wu Jian
Xom
Yredelemnul
Zin
The Shining One

Annotations:
D:5 1 runed translucent door, Crazy Yiuf, Menkaure
D:6 2 runed translucent doors, Alannah's ghost, novice DsHu


Innate Abilities, Weirdness & Mutations

You are very small and have problems with some larger weapons.
You are too small for most types of armour.
You have supernaturally acute eyesight. (SInv)
You are a herbivore.
You cover ground extremely quickly.
You need to consume almost no food.
You have large cloven feet.
You have a pair of small horns on your head.
You are highly resistant to hostile enchantments. (MR++)
You are covered in fur. (AC +1)
You are weak. (Str -2)


Message History

Okay, then.
You feel better. The ice beast hits you. The ice beast freezes you!
* * * LOW HITPOINT WARNING * * *
You are too injured to fight recklessly!
Firing (i - inventory. (/) - cycle)
u - 165 stones (quivered)
Press: ? - help, Shift-Dir - straight line, f/p - ice beast
Aim: an ice beast (moderately wounded)
You shoot a stone. The stone hits the ice beast.
The stone melts the ice beast.
The ice beast is heavily wounded.
The ice beast completely misses you.
It was a potion of haste.
You feel yourself speed up. The ice beast closely misses you.
Firing (i - inventory. (/) - cycle)
u - 164 stones (quivered)
Press: ? - help, Shift-Dir - straight line, f/p - ice beast
Aim: an ice beast (heavily wounded)
You shoot a stone. The stone barely misses the ice beast.
The ice beast hits you.
* * * LOW HITPOINT WARNING * * *
The ice beast freezes you!
You die...

# ## ### ## .#### #.## ##.
....# #..# #.. #...## ##@#
###### ##. ##...## #Y##
##....## #. #....##
#(>###......## ## ##....##
##(#.........## ##....#
#............# ##...##
#>......)....## ##...##
######.#..........#
###...###..###............#
###..#...##...###...........#


You could see an ice beast.

Vanquished Creatures
  5 two-headed ogres
  Pikel (D:7)
  Prince Ribbit (D:7)
  6 yaks
  Duvessa (D:7)
  A black bear (D:7)
  4 sky beasts
  3 orc warriors
  An eye of draining (D:7)
  6 ogres
  A necrophage (D:5)
  3 centaurs
  7 bullfrogs
  Dowan (D:7)
  5 killer bees (D:8)
  2 howler monkeys
  6 wights
  2 centaur zombies
  A bullfrog zombie (D:9)
  5 orc priests
  3 bullfrog skeletons
  A centaur skeleton (D:6)
  6 hounds
  4 iguanas
  9 orc wizards
  7 worker ants
  A hound zombie (D:7)
  A worker ant zombie (D:6)
  12 adders
  2 shadow imps
  An ooze (D:6)
  2 adder zombies
  An adder skeleton (D:4)
  A worm (D:2)
  2 dart slugs
  6 leopard geckos
  44 orcs
  9 bats
  3 giant cockroaches
  7 goblins
  5 hobgoblins
  10 jackals
  3 quokkas
  3 ball pythons
  3 frilled lizards
  A giant cockroach zombie (D:6)
  8 kobolds
  A quokka skeleton (D:7)
  9 rats
227 creatures vanquished.

Vanquished Creatures (others)
  4 slaves (D:7)
  A killer bee (D:7)
  An adder (D:7)
  A fungus (D:9)
7 creatures vanquished.

Grand Total: 234 creatures vanquished

Notes
Turn   | Place    | Note
-------+----------+-------------------------------------------
     0 | D:1      | Emblim88 the Spriggan Venom Mage began the quest for the
                  | Orb.
     0 | D:1      | Reached XP level 1. HP: 9/9 MP: 5/5
   191 | D:1      | Found a shattered altar of Ashenzari.
   463 | D:1      | Reached XP level 2. HP: 13/13 MP: 1/7
  1031 | D:1      | Learned a level 2 spell: Poisonous Vapours
  1079 | D:2      | Reached skill level 1 in Conjurations
  1194 | D:2      | Reached XP level 3. HP: 16/16 MP: 3/8
  1280 | D:2      | You fall into a shaft and drop 2 floors!
  1614 | D:2      | Found a shattered altar of Ashenzari.
  2011 | D:2      | Reached XP level 4. HP: 21/21 MP: 1/10
  2558 | D:2      | Reached skill level 4 in Stealth
  2788 | D:2      | Gained mutation: You evolve. [potion of mutation]
  2788 | D:2      | Gained mutation: Your magical capacity is low. (-10% MP)
                  | [potion of mutation]
  2788 | D:2      | Gained mutation: You are weak. (Str -2) [potion of
                  | mutation]
  2788 | D:2      | Gained mutation: You are resistant to hostile enchantments.
                  | (MR+) [potion of mutation]
  3578 | D:4      | Noticed an ogre
  3593 | D:4      | Killed an ogre
  3593 | D:4      | Reached XP level 5. HP: 24/24 MP: 0/10
  3596 | D:4      | Gained mutation: You have large cloven feet. [evolution]
  3596 | D:4      | Lost mutation: You evolve. [end of evolution]
  3715 | D:4      | Lost mutation: Your magical capacity is low. (-10% MP)
                  | [potion of mutation]
  3715 | D:4      | Gained mutation: You are covered in fur. (AC +1) [potion of
                  | mutation]
  3715 | D:4      | Gained mutation: You are highly resistant to hostile
                  | enchantments. (MR++) [potion of mutation]
  3715 | D:4      | Gained mutation: You have a pair of small horns on your
                  | head. [potion of mutation]
  4250 | D:4      | Reached XP level 6. HP: 28/28 MP: 6/13
  4657 | D:3      | Learned a level 3 spell: Mephitic Cloud
  5613 | D:5      | Entered Level 5 of the Dungeon
  6002 | D:2      | Learned a level 4 spell: Olgreb's Toxic Radiance
  6283 | D:5      | Reached skill level 5 in Stealth
  6287 | D:5      | Noticed Menkaure
  6328 | D:5      | Reached skill level 5 in Dodging
  6328 | D:5      | Reached skill level 5 in Poison Magic
  6525 | D:5      | Reached XP level 7. HP: 32/32 MP: 9/14
  7389 | D:5      | Found a runed translucent door.
  7390 | D:5      | Noticed Crazy Yiuf
  7479 | D:5      | Reached skill level 5 in Spellcasting
  8182 | D:5      | Found a staircase to the Ecumenical Temple.
  8190 | Temple   | Entered the Ecumenical Temple
  8337 | Temple   | Became a worshipper of Sif Muna the Loreminder
  8971 | D:6      | Reached skill level 6 in Stealth
  9095 | D:6      | Found an iron altar of Okawaru.
  9170 | D:6      | Reached XP level 8. HP: 17/35 MP: 1/17
  9963 | D:6      | Found a large runed translucent door.
  9963 | D:6      | Found a large runed translucent door.
  9965 | D:6      | Noticed Alannah's ghost (novice DsHu)
 10000 | D:6      | Reached skill level 1 in Evocations
 10209 | D:6      | Reached * piety under Sif Muna
 10211 | D:6      | Reached skill level 1 in Invocations
 10393 | D:6      | Reached skill level 7 in Stealth
 12300 | D:6      | You fall into a shaft and drop 3 floors!
 12305 | D:9      | Found a staircase to the Lair.
 12312 | D:9      | Found an ornate altar of the Wu Jian Council.
 12447 | D:9      | Found an iron altar of Okawaru.
 12447 | D:9      | Found a burning altar of Makhleb.
 12726 | D:8      | Found a radiant altar of Vehumet.
 12734 | D:7      | Noticed Pikel
 13095 | D:7      | Reached XP level 9. HP: 25/39 MP: 11/19
 13204 | D:7      | Learned a level 5 spell: Venom Bolt
 13358 | D:7      | Noticed Prince Ribbit
 13392 | D:7      | Killed Prince Ribbit
 13655 | D:7      | Noticed Dowan
 13689 | D:7      | Noticed Duvessa
 13695 | D:7      | Killed Dowan
 13734 | D:7      | Killed Duvessa
 13864 | D:7      | Found a basalt altar of Yredelemnul.
 13879 | D:7      | Reached skill level 8 in Stealth
 14156 | D:7      | Killed Pikel
 15183 | D:8      | Found an ancient bone altar of Kikubaaqudgha.
 15444 | D:8      | Noticed a two-headed ogre
 15457 | D:8      | Killed a two-headed ogre
 15457 | D:8      | Reached skill level 9 in Stealth
 15457 | D:8      | Reached XP level 10. HP: 44/44 MP: 11/21
 15610 | D:8      | Reached ** piety under Sif Muna
 16738 | D:8      | Noticed a two-headed ogre
 16775 | D:8      | Killed a two-headed ogre
 16775 | D:8      | Reached skill level 5 in Evocations
 18200 | D:9      | Lost strength.
 18985 | D:9      | Noticed a two-headed ogre
 19037 | D:9      | Killed a two-headed ogre
 19037 | D:9      | Reached skill level 10 in Stealth
 19360 | D:9      | Noticed a two-headed ogre
 19404 | D:9      | Killed a two-headed ogre
 19404 | D:9      | Reached XP level 11. HP: 16/47 MP: 17/24
 20167 | D:9      | Noticed a two-headed ogre
 20203 | D:9      | Killed a two-headed ogre
 20203 | D:9      | Reached skill level 5 in Conjurations
 20726 | D:8      | Slain by an ice beast

Levels and vault maps discovered:
D:1:      evilmike_arrival_crescent, layout_basic, ashenzari_altar_1
D:2:      layout_loops_corners, nicolae_overflow_hidden_temple
D:3:      layout_loops_corners, minmay_misc_feat_tiny, kennysheep_nub,
          amethyst_killhole
D:4:      layout_layer_cave, chequers_serial_rivers_marsh, grunt_ministairs_14,
          minmay_misc_feat_doors
D:5:      layout_layer_cave, minmay_temple_entry_statues_fountains,
          first_ration, uniq_menkaure, uniq_crazy_yiuf_cottage
D:6:      layout_basic, ebering_ghost_disaster_area, okawaru_trees_1
D:7:      layout_basic, yredelemnul_altar_generic, uniq_prince_ribbit1,
          uniq_duvessa, uniq_pikel
D:8:      layout_cave_pods, kiku_gazebo_garden_becter, basic_altar
D:9:      layout_layer_cave, vehumet_crystals, kennysheep_mini,
          amethyst_overflow_temple_binary, dpeg_oklobed_lair, orc_0_dummy
Temple:   regret_index_temple_sphere_string

Skill      XL: |  1  2  3  4  5  6  7  8  9 10 11 |
---------------+----------------------------------+-----
Spellcasting   | 3 4 5 6 7 8 |  8.3
Conjurations   | 1 2 3 4 5 |  5.0
Stealth        | 4 5 6 7 9 10 | 10.3
Dodging        | 4 5 6 7 8 9 |  9.6
Poison Magic   | 4 5 6 7 8 9 |  9.7
Evocations     | 2 4 6 |  6.2
Invocations    | 1 3 4 |  4.8

Action                   |  1- 3 |  4- 6 |  7- 9 | 10-12 || total
-------------------------+-------+-------+-------+-------++-------
Melee: Short sword       |    13 |    24 |       |       ||    37
       Kick              |       |     2 |     2 |       ||     4
       Headbutt          |       |     1 |     1 |       ||     2
       Dagger            |       |       |    10 |       ||    10
 Fire: Hunting sling     |       |    12 |   474 |   312 ||   798
 Cast: Sting             |    39 |       |    11 |       ||    50
       Poisonous Vapours |    24 |    72 |   150 |   117 ||   363
       Mephitic Cloud    |       |       |     2 |     1 ||     3
       Olgreb's Toxic Ra |       |       |       |     4 ||     4
       Venom Bolt        |       |       |       |     1 ||     1
Evoke: Wand              |       |       |       |     6 ||     6
  Use: Scroll            |       |     8 |     4 |     1 ||    13
       Potion            |       |     3 |     4 |     7 ||    14
  Eat: Ration            |       |     3 |     4 |     3 ||    10
Armor: Robe              |     6 |     1 |    15 |    51 ||    73
Dodge: Dodged            |    29 |    33 |   263 |   483 ||   808
